[Event "Team 45 45 League T51"]
[Site "Internet Chess Club"]
[Date "2012.01.05"]
[Round "8"]
[White "futureGM"]
[Black "katikus"]
[Result "1/2-1/2"]
[WhiteElo "1897"]
[BlackElo "1823"]
[Opening "Caro-Kann: Steinitz variation"]
[ECO "B17"]
[Time "18:00:08"]
[TimeControl "2700+45"]

1. e4 c6 2. d4 d5 3. Nc3 dxe4 4. Nxe4 Nd7 5. Nf3 Ngf6 6. Ng3 e6 7. Bd3 c5 8. O-O
cxd4 9. Nxd4 Bc5 10. Nb3 Be7 11. Re1 O-O 12. Bf4 Nd5 13. Bd2 Qc7 14. c3 Nf4 15.
Bxf4 Qxf4 16. Qc2 Nf6 17. Ne4 Ng4 18. g3 Qh6 19. h4 Ne5 20. Be2 Bd7 21. Nd4 Bc6
22. Nxc6 Nxc6 23. Rad1 Rad8 24. Bf1 Qg6 25. Bg2 Qf5 26. Kh2 Qb5 27. a4 Qb6 28.
b4 Qc7 29. Qb1 Bxh4 30. Nc5 Be7 31. Be4 g6 32. Nd3 Bf6 33. c4 Ne5 34. Nxe5 Bxe5
35. c5 Rxd1 36. Rxd1 Rd8 37. Rxd8+ Qxd8 38. Bxb7 Qd2 39. Qf1 Qxb4 40. Qb5 Qd2
41. Qf1 Qb4 42. Qb5 Qd2 43. Qf1 {Game drawn by mutual agreement} 1/2-1/2

[Event "Team 45 45 League T51"]
[Site "Internet Chess Club"]
[Date "2012.01.09"]
[Round "8"]
[White "chiiwen"]
[Black "HiddenDeath"]
[Result "1-0"]
[WhiteElo "2179"]
[BlackElo "1992"]
[Opening "Ruy Lopez: closed, Breyer, Borisenko variation"]
[ECO "C95"]
[Time "23:05:22"]
[TimeControl "2700+45"]

1. e4 e5 2. Nf3 Nc6 3. Bb5 a6 4. Ba4 Nf6 5. O-O Be7 6. Re1 b5 7. Bb3 O-O 8. h3
d6 9. c3 Nb8 10. d4 Nbd7 11. Bg5 Bb7 12. Nbd2 Re8 13. Bc2 g6 14. Nf1 Nh5 15. Be3
Bf8 16. N3d2 Bg7 17. dxe5 Bxe5 18. Nf3 Bf4 19. Bxf4 Nxf4 20. Qd4 Ne5 21. N1h2
Qf6 22. Nxe5 dxe5 23. Qe3 Qg5 24. Qg3 Qxg3 25. fxg3 Nh5 26. Kf2 Rad8 27. Rad1 f6
28. Ng4 Kg7 29. Ne3 Kf7 30. b4 Ke7 31. a4 Rxd1 32. Rxd1 bxa4 33. Bxa4 Rd8 34.
Rxd8 Kxd8 35. Bc2 Kd7 36. Nc4 Ke6 37. Na5 Bc8 38. Nb3 Kd6 39. Bd3 f5 40. c4 fxe4
41. Bxe4 Nf6 42. Bf3 e4 43. Be2 Ke5 44. Ke3 g5 45. Nc5 h5 46. Bd1 h4 47. g4 c6
48. Be2 Nd7 49. Nxe4 c5 50. bxc5 Bb7 51. Nxg5 a5 52. Bf3 a4 53. Bxb7 a3 54. Nf3+
Kf6 55. g5+ Kg7 56. Ne1 Nxc5 57. Be4 a2 58. Nc2 Kf7 59. Na1 {Black resigns} 1-0

[Event "Team 45 45 League T51"]
[Site "Internet Chess Club"]
[Date "2012.01.07"]
[Round "8"]
[White "Fezzik"]
[Black "gaibo4ever"]
[Result "1-0"]
[WhiteElo "2130"]
[BlackElo "2096"]
[Opening "King's Indian: orthodox, Aronin-Taimanov, bayonet attack"]
[ECO "E97"]
[Time "13:02:12"]
[TimeControl "2700+45"]

1. d4 Nf6 2. c4 g6 3. Nc3 Bg7 4. e4 d6 5. Be2 O-O 6. Nf3 e5 7. O-O Nc6 8. d5 Ne7
9. b4 Ne8 10. c5 f5 11. Nd2 Nf6 12. f3 f4 13. Nc4 g5 14. Ba3 Ng6 15. b5 dxc5 16.
Bxc5 Rf7 17. a4 h5 18. Kh1 g4 19. a5 Bf8 20. Bg1 g3 21. b6 gxh2 22. Bf2 h4 23.
bxc7 Rxc7 24. Kxh2 h3 25. g4 fxg3+ 26. Bxg3 Nh5 27. Bf2 Qf6 28. d6 Rg7 29. Nd5
Qd8 30. Rg1 Bxd6 31. Nxd6 Qxd6 32. Rc1 Qf8 33. Be3 Ngf4 34. Nxf4 Nxf4 35. Rxg7+
Qxg7 36. Qd8+ Qf8 37. Rg1+ Kf7 38. Bc4+ Be6 39. Qd7+ Kf6 40. Bxe6 Nxe6 41. Qh7
Qe8 42. Qf5+ Ke7 43. Qxe5 Qb8 44. Bc5+ Kd7 45. Rd1+ Ke8 46. Rd6 Qxd6 47. Qxd6
Nxc5 48. Qxc5 Kd7 49. e5 Re8 50. Qb5+ Kd8 51. Qxb7 Re7 52. Qb8+ Kd7 53. Qxa7+
Ke6 54. Qc5 Rd7 55. Qc6+ Ke7 56. Qf6+ Ke8 57. Qe6+ Re7 58. Qxe7+ Kxe7 59. f4 Ke6
60. a6 Kf5 61. a7 Kxf4 62. e6 Kf3 63. e7 Kf2 64. Kxh3 Kg1 65. Kg3 Kf1 66. Kf3
Kg1 67. e8=N Kh1 68. Nf6 Kg1 69. Ng4 Kh1 70. a8=B Kg1 71. Ne3 Kh2 72. Bd5 Kh3
73. Nf5 Kh2 74. Bc4 Kh3 75. Bf1+ Kh2 76. Kf2 Kh1 77. Nh4 Kh2 78. Nf3+ {Black
resigns} 1-0

[Event "Team 45 45 League T51"]
[Site "Internet Chess Club"]
[Date "2012.01.10"]
[Round "8"]
[White "NJSKing"]
[Black "Pacini"]
[Result "0-1"]
[WhiteElo "1940"]
[BlackElo "2089"]
[Opening "Sicilian: accelerated fianchetto, Maróczy bind, 6.Be3"]
[ECO "B38"]
[Time "01:28:25"]
[TimeControl "2700+45"]

1. e4 c5 2. Nf3 g6 3. d4 cxd4 4. Nxd4 Bg7 5. c4 Nc6 6. Be3 d6 7. Nc3 Nf6 8. Be2
O-O 9. O-O Nxd4 10. Bxd4 Be6 11. Qd2 Qa5 12. f3 Nd7 13. Bxg7 Kxg7 14. Rfd1 Rfc8
15. b3 a6 16. Qb2 Kg8 17. Nd5 Bxd5 18. Rxd5 Qb6+ 19. Kh1 Rc5 20. Rad1 Rxd5 21.
Rxd5 Nf6 22. Rd4 Rd8 23. Qd2 e5 24. Rd3 Nh5 25. Rd5 Nf4 26. c5 Qa7 27. Rxe5 Nxe2
28. Rd5 Rc8 29. Qxe2 Rxc5 30. Rxd6 Rc1+ 31. Rd1 Qc5 32. h3 Rc2 33. Rd2 Rc1+ 34.
Kh2 Kg7 35. e5 Qg1+ 36. Kg3 h5 37. Rd7 Re1 38. Qc4 h4+ 39. Kxh4 Qf2+ 40. g3 Qxf3
41. Qf4 Qh5# {White checkmated} 0-1

[Event "Team 45 45 League T51"]
[Site "Internet Chess Club"]
[Date "2012.01.07"]
[Round "8"]
[White "gerailen0075"]
[Black "martineden"]
[Result "1/2-1/2"]
[WhiteElo "1829"]
[BlackElo "1878"]
[Opening "Pirc defense"]
[ECO "B07"]
[Time "09:47:03"]
[TimeControl "2700+45"]

1. e4 d6 2. d4 Nf6 3. Bd3 e5 4. c3 Nc6 5. Ne2 exd4 6. cxd4 Be7 7. O-O O-O 8.
Nbc3 Nb4 9. Bb1 c5 10. d5 Bd7 11. Kh1 Re8 12. a3 Qa5 13. Bg5 Na6 14. f4 h6 15.
Bh4 Ng4 16. Bf2 Nxf2+ 17. Rxf2 c4 18. e5 dxe5 19. fxe5 Nc5 20. Nd4 Bg5 21. Qh5
Rf8 22. h4 Be3 23. Nf5 Bxf2 24. Nxh6+ gxh6 25. Qxh6 f5 26. Qg6+ Kh8 27. Qh6+ Kg8
28. Qg6+ Kh8 29. Qh6+ {Game drawn by mutual agreement} 1/2-1/2

[Event "Team 45 45 League T51"]
[Site "Internet Chess Club"]
[Date "2012.01.07"]
[Round "8"]
[White "justice02"]
[Black "kidviper"]
[Result "1-0"]
[WhiteElo "1791"]
[BlackElo "1963"]
[Opening "Nimzo-Indian: Sämisch variation"]
[ECO "E24"]
[Time "16:02:31"]
[TimeControl "2700+45"]

1. c4 Nf6 2. d4 e6 3. Nc3 Bb4 4. a3 Bxc3+ 5. bxc3 c5 6. Nf3 Nc6 7. e3 Ne4 8. Qc2
d5 9. Bd3 f5 10. cxd5 exd5 11. c4 Qa5+ 12. Bd2 Nxd2 13. Qxd2 Be6 14. Qxa5 Nxa5
15. cxd5 Bxd5 16. O-O O-O 17. dxc5 Nb3 18. Rab1 Rad8 19. Be2 Bxf3 20. Bc4+ Bd5
21. Bxd5+ Rxd5 22. Rxb3 Rxc5 23. Rxb7 Rf7 24. Rxf7 Kxf7 25. g3 Rc3 26. Ra1 a5
27. Kg2 a4 28. Kf3 Kf6 29. Ra2 Ke5 30. Ke2 g5 31. h3 f4 32. Kf3 fxe3 33. fxe3
Kd5 34. Rd2+ Kc4 35. Rd7 h5 36. Rc7+ Kb3 37. Rxc3+ Kxc3 38. h4 gxh4 39. gxh4 Kb3
40. e4 Kxa3 41. e5 Kb3 42. e6 a3 43. e7 a2 44. e8=Q a1=Q 45. Qb5+ Kc2 46. Qc4+
Kd2 47. Qe2+ Kc1 48. Qe1+ Kb2 49. Qxa1+ Kxa1 50. Kf4 Kb2 51. Kg5 Kc3 52. Kxh5
Kd4 53. Kg6 Ke5 54. h5 Ke6 55. h6 Ke7 56. Kg7 Ke6 57. h7 Kf5 58. h8=Q Ke6 59.
Qf8 Kd7 60. Kf6 Kc7 61. Qb4 Kd7 62. Qc5 Kd8 63. Ke6 Ke8 64. Qe7# {Black
checkmated} 1-0

[Event "Team 45 45 League T51"]
[Site "Internet Chess Club"]
[Date "2012.01.09"]
[Round "8"]
[White "RD1974"]
[Black "elessar"]
[Result "1-0"]
[WhiteElo "1666"]
[BlackElo "1595"]
[Opening "Bishop's opening: Berlin defense"]
[ECO "C24"]
[Time "18:00:10"]
[TimeControl "2700+45"]

1. e4 e5 2. Bc4 Nf6 3. d3 c6 4. Nf3 d5 5. Bb3 Bb4+ 6. c3 Bd6 7. Bg5 dxe4 8. dxe4
Qe7 9. O-O O-O 10. Nbd2 Be6 11. Nc4 Bxc4 12. Bxc4 Nbd7 13. Qc2 Nc5 14. Rfe1 b5
15. Bf1 h6 16. Bh4 g5 17. Bg3 Nh5 18. Rad1 Nxg3 19. hxg3 Kg7 20. b4 Ne6 21. a4
a6 22. Re2 Rfd8 23. Red2 Bc7 24. a5 Rxd2 25. Rxd2 Rd8 26. Bd3 h5 27. c4 Qxb4 28.
cxb5 cxb5 29. Rd1 Qxa5 30. Qb2 f6 31. Ra1 Qb6 32. Be2 Nd4 33. Nxd4 Rxd4 34. Qa3
Rd6 35. Bxh5 b4 36. Qb3 Rd7 37. Qf3 Rd2 38. Qf5 Kf8 39. Rf1 Qd6 40. Qg6 Qe7 41.
Rc1 Bd8 42. Rc6 a5 43. Qf5 b3 44. Re6 b2 45. Rxe7 b1=Q+ 46. Kh2 Bxe7 47. Qg6 Qb3
48. Qe8+ Kg7 49. Qxe7+ Kg8 50. Qe8+ Kg7 51. Qg6+ Kf8 52. Qxf6+ Kg8 53. Qxg5+ Kf8
54. Qxd2 a4 55. Qd6+ Kg8 56. Qxe5 a3 57. Bg4 Kf7 58. Qc7+ Kf6 59. Qd8+ Ke5 60.
Qe7+ Kd4 61. Be6 Qb2 62. Qf6+ Kxe4 63. Qxb2 axb2 64. Ba2 {Black resigns} 1-0

[Event "Team 45 45 League T51"]
[Site "Internet Chess Club"]
[Date "2012.01.08"]
[Round "8"]
[White "cepheid"]
[Black "kidcobra"]
[Result "1/2-1/2"]
[WhiteElo "1567"]
[BlackElo "1616"]
[Opening "Sicilian: Alapin's variation (2.c3)"]
[ECO "B22"]
[Time "14:01:59"]
[TimeControl "2700+45"]

1. e4 c5 2. c3 d6 3. d4 cxd4 4. cxd4 Nf6 5. Nc3 e6 6. Nf3 Be7 7. Bd3 Nc6 8. O-O
Bd7 9. a3 a6 10. b4 Rc8 11. Bb2 e5 12. d5 Na7 13. a4 Qb6 14. Na2 O-O 15. Bc1 Qd8
16. Be3 Ra8 17. h3 Nc8 18. Nd2 a5 19. b5 b6 20. Rc1 Na7 21. Nc4 Nc8 22. Rc3 Rb8
23. Qe2 Rb7 24. Rfc1 Na7 25. f3 Qb8 26. Qf2 Nc8 27. Nb2 Na7 28. R1c2 Rc8 29. Nc4
Bd8 30. Nc1 Bc7 31. Ne2 Be8 32. Ng3 g6 33. Ne2 Nd7 34. Nc1 Nc5 35. Bxc5 dxc5 36.
Bf1 Bd6 37. Nd3 Bxb5 38. axb5 Nxb5 39. Nxd6 Qxd6 40. Rc4 Na3 41. Nxc5 Rxc5 42.
Rxc5 bxc5 43. Rxc5 a4 44. Ra5 Qb4 45. Ra8+ Kg7 46. Kh2 Nb5 47. Bxb5 Rxb5 48. Qa7
Qd2 49. Qg1 Qf4+ 50. Kh1 Rb3 51. Rxa4 Rc3 52. Ra1 Qh4 53. Rd1 Rc8 54. Qe1 Qf4
55. Qd2 Qf6 56. d6 Rd8 57. Qd5 Rd7 58. Qc5 Qe6 59. Qd5 Qxd5 60. Rxd5 Kf6 61. g3
Ke6 62. f4 f6 63. fxe5 fxe5 64. Kg2 Rxd6 65. Rxd6+ Kxd6 66. Kf3 Ke6 67. Kg4 h6
68. Kf3 {Game drawn by mutual agreement} 1/2-1/2

[Event "Team 45 45 League T51"]
[Site "Internet Chess Club"]
[Date "2012.01.09"]
[Round "8"]
[White "chicopee-ed"]
[Black "Gilguli"]
[Result "1-0"]
[WhiteElo "1370"]
[BlackElo "1381"]
[Opening "Queen's pawn game, Krause variation"]
[ECO "D02"]
[Time "15:00:15"]
[TimeControl "2700+45"]

1. d4 d5 2. Nf3 c5 3. c4 Bf5 4. Nc3 Nf6 5. dxc5 Nc6 6. cxd5 Na5 7. e4 Nxe4 8.
Bb5+ Nc6 9. dxc6 Qxd1+ 10. Nxd1 bxc6 11. Bxc6+ Kd8 12. Bxa8 e6 13. Bxe4 Bxe4 14.
Ng5 Bg6 15. O-O Bxc5 16. Ne3 Ke7 17. Bd2 Rd8 18. Bc3 f6 19. Nf3 e5 20. Rfd1 Rb8
21. Rd2 e4 22. Nd4 f5 23. Nc6+ {Black resigns} 1-0

[Event "Team 45 45 League T51"]
[Site "Internet Chess Club"]
[Date "2012.01.08"]
[Round "8"]
[White "zepled37"]
[Black "Kheeljoi"]
[Result "0-1"]
[WhiteElo "1601"]
[BlackElo "1842"]
[Opening "Sicilian: Najdorf, Zagreb (fianchetto) variation"]
[ECO "B91"]
[Time "19:22:25"]
[TimeControl "2700+45"]

1. e4 c5 2. Nf3 d6 3. d4 cxd4 4. Nxd4 Nf6 5. Nc3 a6 6. g3 e6 7. Bg2 Be7 8. Be3
Qc7 9. O-O O-O 10. h3 Nc6 11. Nde2 b5 12. g4 Bb7 13. Ng3 Na5 14. g5 Nd7 15. a4
Nc4 16. Bc1 b4 17. Nce2 a5 18. b3 Nce5 19. h4 Rac8 20. Nd4 Ba6 21. Be3 Bxf1 22.
Bxf1 Rfd8 23. Rc1 Nf8 24. Nb5 Qb7 25. Na7 Rc3 26. Bd4 Nf3+ 27. Kh1 Nxd4 28. Qxd4
e5 29. Qd5 Qxa7 30. Bc4 Rxc4 31. Qxc4 Qxf2 32. Nf5 Ng6 33. Nxe7+ Nxe7 34. Rf1
Qxh4+ 35. Kg1 Qxg5+ 36. Kh1 Qh5+ 37. Kg1 Rc8 38. Qb5 f6 39. Rf2 Ng6 40. Qd7 Qd1+
41. Kh2 Rxc2 42. Qe8+ Nf8 43. Rxc2 Qxc2+ 44. Kg1 Qxe4 {White resigns} 0-1

[Event "Team 45 45 League T51"]
[Site "Internet Chess Club"]
[Date "2012.01.05"]
[Round "8"]
[White "mongmong"]
[Black "bmw2002"]
[Result "1-0"]
[WhiteElo "1620"]
[BlackElo "1567"]
[Opening "King's Indian: orthodox, Aronin-Taimanov, bayonet attack"]
[ECO "E97"]
[Time "20:04:57"]
[TimeControl "2700+45"]

1. d4 Nf6 2. Nf3 g6 3. c4 Bg7 4. Nc3 O-O 5. e4 d6 6. Be2 e5 7. O-O Nc6 8. d5 Ne7
9. b4 Nd7 10. Nd2 f5 11. f3 Nf6 12. c5 c6 13. cxd6 Qxd6 14. dxc6 Nxc6 15. a3
Qd4+ 16. Kh1 Qxc3 17. Bc4+ Kh8 18. Ra2 Rd8 19. Qe1 Rxd2 20. Rxd2 Qxc4 21. Bb2
Be6 22. Rd6 Ne8 23. Rd2 Rd8 24. Rff2 Nd4 25. Bxd4 Rxd4 26. Rxd4 Qxd4 27. Rd2 Qc3
28. Qd1 Bb3 29. Qe1 Bh6 30. Re2 Qd3 31. exf5 Bg7 32. fxg6 hxg6 33. f4 Nd6 34.
fxe5 Nf5 35. Rd2 Qe3 36. Re2 Qd4 37. e6 Qd6 38. e7 Nxe7 39. Rxe7 Bf6 40. Rxb7
Be6 41. Rxa7 Bd8 42. Ra8 Kg7 43. h3 Bc7 44. Qc3+ Kh6 45. Rh8+ Kg5 46. h4+ Kf5
47. Qf3+ Ke5 48. Qg3+ Kd5 49. Qxd6+ Bxd6 50. Rh6 Bf5 51. g4 Be4+ 52. Kg1 Bf4 53.
Rh8 Kd4 54. h5 Ke3 55. Re8 g5 56. h6 Kf3 57. Rxe4 Kxe4 58. h7 Be5 59. a4 Kd4 60.
b5 Kc5 61. Kf2 Kb4 62. Ke3 Kxa4 63. b6 Ka5 64. b7 Ka6 65. b8=Q Bxb8 66. h8=Q
{Black resigns} 1-0

[Event "Team 45 45 League T51"]
[Site "Internet Chess Club"]
[Date "2012.01.09"]
[Round "8"]
[White "GoIrish"]
[Black "seattleblues"]
[Result "1-0"]
[WhiteElo "1652"]
[BlackElo "1458"]
[Opening "Caro-Kann: closed (Breyer) variation"]
[ECO "B10"]
[Time "20:30:13"]
[TimeControl "2700+45"]

1. e4 c6 2. d3 d5 3. Nd2 Nd7 4. Ngf3 dxe4 5. Nxe4 Ngf6 6. b3 Nxe4 7. dxe4 e6 8.
Be2 Bb4+ 9. Bd2 Bxd2+ 10. Qxd2 O-O 11. Rd1 Qc7 12. O-O Nc5 13. Qe3 b6 14. e5 Ba6
15. c4 Nd7 16. Bd3 Rfd8 17. Bc2 c5 18. Ng5 Nf8 19. f4 Bb7 20. Be4 Bxe4 21. Nxe4
Rxd1 22. Rxd1 Ng6 23. Nd6 Rd8 24. Rd3 a6 25. Qg3 Ne7 26. Qg4 Ng6 27. h4 h5 28.
Qg5 Qe7 29. g3 Qxg5 30. hxg5 Ne7 31. Kf2 g6 32. Ke3 Nf5+ 33. Nxf5 Rxd3+ 34. Kxd3
gxf5 35. Kc3 Kg7 36. b4 Kf8 37. bxc5 bxc5 38. Kb3 Ke7 39. Ka4 Kd7 40. Ka5 Kc7
41. Kxa6 Kc6 42. a4 Kc7 43. Kb5 {Black resigns} 1-0

[Event "Team 45 45 League T51"]
[Site "Internet Chess Club"]
[Date "2012.01.07"]
[Round "8"]
[White "otherook"]
[Black "katikus"]
[Result "0-1"]
[WhiteElo "1786"]
[BlackElo "1838"]
[Opening "English: symmetrical variation"]
[ECO "A37"]
[Time "15:01:29"]
[TimeControl "2700+45"]

1. c4 c5 2. g3 g6 3. Bg2 Bg7 4. Nc3 Nc6 5. Nf3 e6 6. O-O Nge7 7. e3 Nf5 8. a3
O-O 9. Rb1 a5 10. b3 b6 11. Bb2 Bb7 12. Ne2 Bxb2 13. Rxb2 d5 14. d4 cxd4 15.
cxd5 exd5 16. Nfxd4 Nfxd4 17. Nxd4 Ne5 18. Qd2 Rc8 19. Rc1 Rxc1+ 20. Qxc1 Nd3
21. Qb1 Nxb2 22. Qxb2 Qd7 23. Bf1 Rc8 24. Bb5 Qc7 25. a4 Qc1+ 26. Qxc1 Rxc1+ 27.
Kg2 Kf8 28. h4 Ke7 29. Kf3 Kd6 30. Ke2 f6 31. Kd2 Rh1 32. Ke2 Bc8 33. Kf3 Bd7
34. Bxd7 Kxd7 35. Kg2 Rc1 36. Kf3 Kd6 37. Ke2 Kc5 38. Kd2 Rb1 39. Ne6+ Kb4 40.
Nf4 Rxb3 41. Nxd5+ Kxa4 42. Nxf6 Rb2+ 43. Kd3 Rxf2 44. Nd5 Kb5 45. e4 Kc5 46.
Nf4 Rxf4 {White resigns} 0-1

[Event "Team 45 45 League T51"]
[Site "Internet Chess Club"]
[Date "2012.01.08"]
[Round "8"]
[White "AVEMARIA"]
[Black "Razorbackchess"]
[Result "1/2-1/2"]
[WhiteElo "1636"]
[BlackElo "1680"]
[Opening "Sicilian: Alapin's variation (2.c3)"]
[ECO "B22"]
[Time "20:22:42"]
[TimeControl "2700+45"]

1. e4 c5 2. c3 d5 3. exd5 Qxd5 4. d4 Nf6 5. Nf3 Bg4 6. Be2 e6 7. h3 Bh5 8. O-O
Nc6 9. Be3 cxd4 10. cxd4 Be7 11. Nc3 Qd8 12. Re1 O-O 13. Rc1 Rb8 14. Ne5 Bxe2
15. Rxe2 Nb4 16. a3 Nbd5 17. Nxd5 Nxd5 18. Rec2 Bd6 19. Nc4 Bf4 20. Qg4 Nxe3 21.
fxe3 Bc7 22. Nd2 Bd6 23. Qe2 Qd7 24. Ne4 Rfd8 25. Nxd6 Qxd6 26. Qc4 a6 27. Qc7
Qxc7 28. Rxc7 Kf8 29. Rf1 f6 30. g4 Re8 31. Rfc1 Red8 32. g5 Rd5 33. h4 fxg5 34.
Rf1+ Rf5 35. hxg5 Rxf1+ 36. Kxf1 b6 37. Ke2 a5 38. Kd3 b5 39. b3 b4 40. a4 Rd8
41. e4 Ra8 42. Kc4 h5 43. gxh6 gxh6 44. Rh7 Rc8+ 45. Kb5 Rc3 46. Rxh6 Rxb3 47.
Rxe6 Kf7 48. d5 Rd3 49. Kxa5 b3 50. Rb6 Re3 51. Rxb3 Rxb3 52. Ka6 Ke7 53. e5 Rd3
54. a5 Rxd5 55. Kb6 Rxa5 56. Kxa5 Ke6 57. Kb4 Kxe5 {Game drawn because neither
player has mating material} 1/2-1/2

[Event "Team 45 45 League T51"]
[Site "Internet Chess Club"]
[Date "2012.01.07"]
[Round "8"]
[White "Whalen"]
[Black "Warpdrive"]
[Result "1-0"]
[WhiteElo "1665"]
[BlackElo "1585"]
[Opening "Trompowsky attack (Ruth, Opocenský opening)"]
[ECO "A45"]
[Time "13:01:46"]
[TimeControl "2700+45"]

1. d4 Nf6 2. Bg5 h6 3. Bxf6 exf6 4. c4 Bb4+ 5. Nc3 O-O 6. e3 c5 7. a3 cxd4 8.
exd4 Bxc3+ 9. bxc3 Re8+ 10. Ne2 d5 11. g3 dxc4 12. Bg2 Qe7 13. Bf3 Bf5 14. O-O
Be4 15. Nf4 Bxf3 16. Qxf3 Qe4 17. Qxe4 Rxe4 18. Rfe1 Rxe1+ 19. Rxe1 Kf8 20. Rb1
b6 21. Rb4 Nc6 22. Rxc4 Rc8 23. Kf1 Ne7 24. Rxc8+ Nxc8 25. Ke2 Ke7 26. Kd3 Nd6
27. a4 b5 28. Nd5+ Kd7 29. axb5 Nxb5 30. c4 Nd6 31. f3 h5 32. c5 Nb5 33. Kc4
Na3+ 34. Kb3 Nb5 35. Kc4 Na3+ 36. Kd3 f5 37. f4 Nb5 38. Ne3 g6 39. d5 Nc7 40.
Kd4 f6 41. c6+ Kd8 42. d6 Nb5+ 43. Kc5 Nc3 44. Nd5 Ne4+ 45. Kd4 Nxd6 46. Nxf6 a5
47. Kc5 a4 48. Nd5 a3 49. Kxd6 a2 50. c7+ {Black resigns} 1-0

[Event "Team 45 45 League T51"]
[Site "Internet Chess Club"]
[Date "2012.01.07"]
[Round "8"]
[White "tightfist"]
[Black "parrot9"]
[Result "0-1"]
[WhiteElo "1514"]
[BlackElo "1521"]
[Opening "English: four knights, 4.e3"]
[ECO "A28"]
[Time "10:15:55"]
[TimeControl "2700+45"]

1. c4 e5 2. Nc3 Nf6 3. Nf3 Nc6 4. e3 d5 5. cxd5 Nxd5 6. Qb3 Ndb4 7. Bb5 Nd3+ 8.
Ke2 Nxc1+ 9. Raxc1 Bd6 10. Bxc6+ bxc6 11. Qa4 Bd7 12. Qa6 O-O 13. Ne4 Qe7 14. a3
f5 15. Nc3 e4 16. Nd4 c5 17. Qc4+ Kh8 18. Ndb5 Be6 19. Nd5 Qg5 20. Rcg1 Rab8 21.
Nxd6 cxd6 22. b3 f4 23. Qxe4 Qxd5 24. Qa4 f3+ 25. Kf1 Qd3+ {White forfeits on
time} 0-1

[Event "Team 45 45 League T51"]
[Site "Internet Chess Club"]
[Date "2012.01.08"]
[Round "8"]
[White "Killian"]
[Black "LazyPeon"]
[Result "1-0"]
[WhiteElo "2028"]
[BlackElo "1745"]
[Opening "Evans gambit: 5...Be7"]
[ECO "C51"]
[Time "15:00:12"]
[TimeControl "2700+45"]

1. e4 e5 2. Nf3 Nc6 3. Bc4 Bc5 4. b4 Bxb4 5. c3 Be7 6. d4 exd4 7. cxd4 Na5 8.
Be2 d5 9. e5 Be6 10. O-O Qd7 11. Nc3 O-O-O 12. Rb1 Nc4 13. Qb3 c6 14. Nd2 Bf5
15. Ra1 Nxd2 16. Bxd2 f6 17. f4 Nh6 18. a4 a5 19. Nd1 Qc7 20. Rc1 Kb8 21. Ne3
Be4 22. Bd3 f5 23. Bxe4 fxe4 24. Rb1 Bb4 25. Bxb4 axb4 26. Qxb4 Rhf8 27. a5 Nf5
28. Nxf5 Rxf5 29. a6 Rd7 30. g4 {Black resigns} 1-0

[Event "Team 45 45 League T51"]
[Site "Internet Chess Club"]
[Date "2012.01.10"]
[Round "8"]
[White "ticopatzer"]
[Black "ILRE"]
[Result "0-1"]
[WhiteElo "1687"]
[BlackElo "1695"]
[Opening "Queen's Indian: old main line, 7.Nc3"]
[ECO "E18"]
[Time "19:30:12"]
[TimeControl "2700+45"]

1. Nf3 Nf6 2. c4 e6 3. g3 b6 4. Bg2 Bb7 5. O-O Be7 6. Nc3 O-O 7. d4 d5 8. cxd5
Nxd5 9. Qb3 Nd7 10. Rd1 c5 11. e3 Qc7 12. Nxd5 Bxd5 13. Qd3 Nf6 14. b3 Qb7 15.
Qe2 Ne4 16. Bb2 Rac8 17. dxc5 Rxc5 18. Nd4 Nc3 19. Bxc3 Bxg2 20. Bb4 Rc7 21.
Bxe7 Rxe7 22. f3 Bh3 23. g4 f5 24. g5 e5 25. Nb5 Qc8 26. Rac1 Qe6 27. Rd6 Qf7
28. Rcc6 Qh5 29. Qc4+ Kh8 30. Rc8 Qxg5+ 31. Kf2 Qg2+ 32. Ke1 Ree8 33. Rxe8 Rxe8
34. Qf7 Qf1+ 35. Kd2 Qxb5 36. Rd7 Rg8 37. Qe7 f4 38. Rd8 fxe3+ 39. Kxe3 Qc5+ 40.
Ke2 Qxe7 {White resigns} 0-1

[Event "Team 45 45 League T51"]
[Site "Internet Chess Club"]
[Date "2012.01.10"]
[Round "8"]
[White "Helaman"]
[Black "vigneshv"]
[Result "1-0"]
[WhiteElo "1538"]
[BlackElo "1544"]
[Opening "French: Tarrasch, closed variation"]
[ECO "C05"]
[Time "19:00:36"]
[TimeControl "2700+45"]

1. e4 e6 2. d4 d5 3. Nd2 Nf6 4. e5 Nfd7 5. f4 c5 6. c3 Qb6 7. Ndf3 Nc6 8. g3
cxd4 9. cxd4 Bb4+ 10. Kf2 Qc7 11. Bd3 Qb6 12. Ne2 f6 13. Kg2 Be7 14. a3 O-O 15.
b3 a6 16. h3 Qa7 17. Rf1 b5 18. Bb2 Bb7 19. f5 exf5 20. Bxf5 Bc8 21. Rc1 fxe5
22. Be6+ Kh8 23. Rxc6 Qb7 24. Bxd5 Nb6 25. Rxb6 Qxd5 26. dxe5 Qxd1 27. Rxd1
Bxh3+ 28. Kxh3 Rxf3 29. Rd7 Bc5 30. Rbb7 Bf8 31. e6 Re3 32. Nf4 Re8 33. Bxg7+
Bxg7 34. Rxg7 Re4 35. Rxh7+ Kg8 36. Rbg7+ Kf8 37. Ng6# {Black checkmated} 1-0

[Event "Team 45 45 League T51"]
[Site "Internet Chess Club"]
[Date "2012.01.06"]
[Round "8"]
[White "Cicero"]
[Black "otib2006"]
[Result "1-0"]
[WhiteElo "1345"]
[BlackElo "1243"]
[Opening "Trompowsky attack (Ruth, Opocenský opening)"]
[ECO "A45"]
[Time "15:00:38"]
[TimeControl "2700+45"]

1. d4 Nf6 2. Bg5 e6 3. e4 h6 4. Bh4 g5 5. Bg3 Nxe4 6. Nf3 Nxg3 7. hxg3 Bg7 8.
Nc3 O-O 9. Qe2 Qf6 10. O-O-O Nc6 11. Ne4 Qe7 12. a3 d5 13. Nc3 g4 14. Ne5 Qg5+
15. Kb1 Nxe5 16. dxe5 Bxe5 17. f4 gxf3 18. Qxf3 Bg7 19. Rh5 Qg6 20. Bd3 Qf6 21.
Qg4 e5 22. Bf5 Bxf5 23. Rxf5 Qg6 24. Qh3 d4 25. Nd5 Qd6 26. Ne3 c5 27. Rh5 Qe6
28. Nf5 Qf6 29. Rh1 Rfd8 30. Qg4 Qg6 31. Ne7+ Kf8 32. Nxg6+ fxg6 33. Qxg6 Rd7
34. Rxh6 Bxh6 35. Rxh6 Ke7 36. Qg7+ Kd8 37. Rh8+ Kc7 38. Qxe5+ Kb6 39. Rxa8 Rc7
40. Rf8 Rc6 41. Rf6 Rxf6 42. Qxf6+ Kb5 43. g4 b6 44. g5 Kc4 45. a4 Kb4 46. g6
Kxa4 47. g7 b5 48. Qa6+ Kb4 49. Qa3+ Kc4 50. Qb3# {Black checkmated} 1-0

[Event "Team 45 45 League T51"]
[Site "Internet Chess Club"]
[Date "2012.01.07"]
[Round "8"]
[White "dpmdpm"]
[Black "IanT"]
[Result "1-0"]
[WhiteElo "1533"]
[BlackElo "1430"]
[Opening "Giuoco Piano"]
[ECO "C44"]
[Time "07:11:33"]
[TimeControl "2700+45"]

1. e4 e5 2. Nf3 Nc6 3. d4 exd4 4. Bc4 Bc5 5. c3 Nf6 6. cxd4 Bb4+ 7. Bd2 Nxe4 8.
Bxb4 Nxb4 9. Bxf7+ Kxf7 10. Qb3+ d5 11. Qxb4 Re8 12. O-O Kg8 13. Nc3 Nxc3 14.
bxc3 Qe7 15. Rfe1 Qxb4 16. Rxe8+ Kf7 17. cxb4 Kxe8 18. Re1+ Kf8 19. Ne5 Bf5 20.
Re3 Kg8 21. g4 Bb1 22. a3 Re8 23. Kg2 c6 24. Kg3 h6 25. h4 Kh7 26. h5 g6 27. Re1
Bc2 28. Rc1 Ba4 29. hxg6+ Kg7 30. Rc3 Rf8 31. Rf3 Rxf3+ 32. Kxf3 Bc2 33. Kf4
Bxg6 34. Nxg6 Kxg6 35. Kg3 b6 36. f4 a5 37. bxa5 bxa5 38. a4 Kf6 39. Kf3 Kg6 40.
Kg3 Kf6 41. f5 Kg5 42. Kf3 h5 43. gxh5 Kxf5 44. h6 Kg6 45. Kf4 Kxh6 46. Ke5 Kg6
47. Kd6 Kf6 48. Kxc6 Ke6 49. Kc5 Kd7 50. Kxd5 Kc7 51. Ke6 Kd8 52. d5 Ke8 53. d6
Kd8 54. d7 Kc7 55. Ke7 Kc6 56. d8=Q Kb7 57. Qd5+ Kb6 58. Qb5+ Kc7 59. Qxa5+ Kb7
60. Qb5+ Kc7 61. a5 Kc8 62. Qd7+ Kb8 63. Qb5+ Ka7 64. a6 Ka8 65. Qb7# {Black
checkmated} 1-0

[Event "Team 45 45 League T51"]
[Site "Internet Chess Club"]
[Date "2012.01.08"]
[Round "8"]
[White "lawth3"]
[Black "malihini"]
[Result "1-0"]
[WhiteElo "1161"]
[BlackElo "1220"]
[Opening "Queen's Pawn"]
[ECO "A41"]
[Time "19:30:29"]
[TimeControl "2700+45"]

1. d4 d6 2. Nf3 c6 3. e4 Bg4 4. Be2 Nd7 5. O-O Ngf6 6. Nc3 e5 7. dxe5 dxe5 8.
Bg5 Be7 9. Nh4 Bxe2 10. Qxe2 O-O 11. Rad1 h6 12. Be3 Qc7 13. Nf5 Nc5 14. b4 Ne6
15. Nxe7+ Qxe7 16. a3 c5 17. Nd5 Nxd5 18. exd5 Nd4 19. Bxd4 cxd4 20. Rxd4 Rad8
21. Rd3 Qf6 22. c4 Rfe8 23. Re1 Qg6 24. Rg3 Qa6 25. b5 Qd6 26. Re3 f6 27. g3 a6
28. Rb1 Qb6 29. Rbb3 Qc5 30. f4 exf4 31. gxf4 Re4 32. Rc3 Rde8 33. Kf2 Rxf4+ 34.
Kg3 Rfe4 35. Rxe4 Qd6+ 36. Kf3 Re5 37. Rxe5 fxe5 38. a4 Qf6+ 39. Ke3 Qf4+ 40.
Kd3 Qd4+ 41. Kc2 {Black resigns} 1-0